 Dungeon Sprint DCSS version 0.20.1-1-g8b1a95d (webtiles) character file.

322 Kingsmith the Carver (level 6, -6/99 HPs)
             Began as a Minotaur Berserker on Dec 13, 2017.
             Was an Elder of Trog.
             Mangled by a troll (19 damage)
             ... in the Dungeon (Sprint IX: "|||||||||||||||||||||||||||||").
             The game lasted 00:00:36 (194 turns).

Kingsmith the Carver (Minotaur Berserker)            Turns: 194, Time: 00:00:37

Health: -6/99      AC:  2    Str: 28    XL:     6   Next: 22%
Magic:  5/5        EV: 14    Int:  4    God:    Trog [****..]
Gold:   0          SH:  0    Dex: 10    Spells: 5/5 levels left

rFire    . . .     SeeInvis .   a - +0 falchion
rCold    . . .     Gourm    .   (no shield)
rNeg     . . .     Faith    .   b - +0 animal skin
rPois    .         Spirit   .   (helmet restricted)
rElec    .         Reflect  .   (no cloak)
rCorr    .         Harm     .   (no gloves)
MR       .....     NoTele   +   (no boots)
Stlth    ..........             (no amulet)
Regen    0.3/turn               (no ring)
MPRegen  0.1/turn               (no ring)

@: berserking, very quick
A: retaliatory headbutt, horns 2
a: Berserk, Trog's Hand, Brothers in Arms, Burn Spellbooks, Renounce Religion


You were in the Dungeon.
You worshipped Trog.
Trog was greatly pleased with you.
You were not hungry.

You visited 1 branch

Inventory:

Hand Weapons
 a - a +0 falchion (weapon)
Armour
 b - a +0 animal skin (worn)
Jewellery
 l - a +3 ring of intelligence
 m - a +2 ring of protection
Wands
 k - a wand of acid (7/15)
Scrolls
 i - 2 scrolls of blinking
 j - 3 scrolls of remove curse
Potions
 d - 5 potions of curing
 e - 3 potions of heal wounds
 f - a potion of haste
 g - 4 potions of magic
 h - a potion of invisibility
Comestibles
 c - a bread ration


   Skills:
 + Level 10.2 Fighting
 + Level 10.8 Long Blades
 + Level 5.1 Armour
 + Level 5.2 Dodging


You had 5 spell levels left.
You didn't know any spells.

Dungeon Overview and Level Annotations

Branches:
Dungeon (1/1)

Altars:
Cheibriados
Dithmenos
Elyvilon
Fedhas
Gozag
Hepliaklqana
Kikubaaqudgha
Makhleb
Nemelex Xobeh
Okawaru
Qazlal
Ru
Sif Muna
Trog
Uskayaw
Vehumet
Xom
Yredelemnul
Zin
The Shining One
Beogh
Jiyva
Lugonu


Innate Abilities, Weirdness & Mutations

You reflexively headbutt those who attack you in melee.
You have a pair of horns on your head.


Message History

Your Armour skill increases to level 5!
Your Dodging skill increases to level 5!
You have reached level 6!
Your experience leads to an increase in your attributes!
Your base attributes are Str 22, Int 4, Dex 10.
Increase (S)trength, (I)ntelligence, or (D)exterity?
You feel stronger. The jelly hits you but does no damage.
Things that are here:
a giant spiked club; an ogre corpse You slash the jelly!
Your hands burn!
* * * LOW HITPOINT WARNING * * *
The jelly is heavily wounded.
The jelly closely misses you.
You slash the jelly!
You feel the power of Trog in you as your rage grows.
You kill the jelly!
Trog accepts your kill. The troll bites you!!
You die...

▓[▓
▓[▓
▓[▓
▓.▓
▓.▓
▓'▓
▓)▓
▓)▓
▓@▓
▓T▓
▓Z▓
▓.▓
▓+▓


You could see a troll and a bat skeleton.

Vanquished Creatures
  An ogre (D)
  2 centaurs (D)
  A crimson imp (D)
  A jelly (D)
  A leopard gecko (D)
  An orc (D)
  A giant cockroach (D)
  2 goblins (D)
  2 hobgoblins (D)
  A quokka (D)
  A bat (D)
14 creatures vanquished.

Notes
Turn   | Place    | Note
-------+----------+-------------------------------------------
     0 | D        | Kingsmith the Minotaur Berserker began the quest for the Orb.
     0 | D        | Reached XP level 1. HP: 19/19 MP: 0/0
    10 | D        | Reached ** piety under Trog
   112 | D        | Noticed a crimson imp
   112 | D        | Noticed a centaur
   114 | D        | Killed a crimson imp
   114 | D        | Reached XP level 2. HP: 30/30 MP: 1/1
   114 | D        | Reached XP level 3. HP: 37/37 MP: 2/2
   117 | D        | Killed a centaur
   117 | D        | Reached *** piety under Trog
   117 | D        | Reached XP level 4. HP: 48/48 MP: 3/3
   118 | D        | Received a gift from Trog
   135 | D        | Found a roughly hewn altar of Beogh.
   135 | D        | Found a snail-covered altar of Cheibriados.
   135 | D        | Found a shadowy altar of Dithmenos.
   135 | D        | Found a white marble altar of Elyvilon.
   135 | D        | Found a blossoming altar of Fedhas.
   135 | D        | Found an opulent altar of Gozag.
   136 | D        | Found a hazy altar of Hepliaklqana.
   137 | D        | Found a viscous altar of Jiyva.
   138 | D        | Found an ancient bone altar of Kikubaaqudgha.
   139 | D        | Found a corrupted altar of Lugonu.
   140 | D        | Found a burning altar of Makhleb.
   141 | D        | Found a sparkling altar of Nemelex Xobeh.
   142 | D        | Found an iron altar of Okawaru.
   143 | D        | Found a stormy altar of Qazlal.
   144 | D        | Found a sacrificial altar of Ru.
   145 | D        | Found a deep blue altar of Sif Muna.
   146 | D        | Found a bloodstained altar of Trog.
   147 | D        | Found a hide-covered altar of Uskayaw.
   148 | D        | Found a radiant altar of Vehumet.
   150 | D        | Found a shimmering altar of Xom.
   151 | D        | Found a basalt altar of Yredelemnul.
   152 | D        | Found a glowing silver altar of Zin.
   153 | D        | Found a glowing golden altar of the Shining One.
   177 | D        | Noticed a centaur
   177 | D        | Noticed an ogre
   177 | D        | Noticed a troll
   186 | D        | Killed a centaur
   186 | D        | Reached XP level 5. HP: 27/57 MP: 4/4
   188 | D        | Reached **** piety under Trog
   190 | D        | Killed an ogre
   190 | D        | Reached skill level 10 in Fighting
   190 | D        | Reached skill level 10 in Long Blades
   190 | D        | Reached skill level 5 in Armour
   190 | D        | Reached skill level 5 in Dodging
   190 | D        | Reached XP level 6. HP: 16/66 MP: 5/5
   194 | D        | Mangled by a troll

Skill      XL: |  1  2  3  4  5 |
---------------+----------------+-----
Fighting       | 6 7 9 10 | 10.2
Long Blades    | 6 8 9 10 | 10.8
Armour         | 3 4 5 |  5.1
Dodging        | 3 4 5 |  5.2

Action                   |  1- 3 |  4- 6 || total
-------------------------+-------+-------++-------
Melee: Falchion          |    12 |    18 ||    30
       Headbutt          |     1 |     4 ||     5
Invok: Berserk           |     1 |     1 ||     2
Armor: Animal skin       |     1 |     2 ||     3
Dodge: Dodged            |     7 |     7 ||    14
       Rpst.: Falchion   |     2 |     1 ||     3
